 Dungeon Crawl Stone Soup version 0.28-a0-1143-gcf6077d4cc (webtiles) character file.

Game seed: 11019896638726099273

963 Crownlay the Carver (level 7, 0/57 HPs)
             Began as a Minotaur Fighter on Dec 13, 2021.
             Was an Initiate of Okawaru.
             Slain by a steam dragon (6 damage)
             ... on level 5 of the Dungeon.
             The game lasted 00:08:02 (5170 turns).

Crownlay the Carver (Minotaur Fighter)              Turns: 5170, Time: 00:08:03

Health: 0/57       AC:  8    Str: 22    XL:     7   Next: 92%
Magic:  0/6        EV:  9    Int:  5    God:    Okawaru [......]
Gold:   219        SH:  4    Dex: 10    Spells: 6/6 levels left

rFire   . . .      SeeInvis .   a - +0 long sword
rCold   . . .      Faith    .   c - +0 buckler
rNeg    . . .      Spirit   +   b - +0 scale mail
rPois   .          Reflect  .   (helmet restricted)
rElec   .          Harm     .   (no cloak)
rCorr   +          Rampage  .   (no gloves)
Will    .....                   v - +0 pair of boots
Stlth   ..........              l - amulet of guardian spirit
HPRegen 0.19/turn               i - ring of resist corrosion
MPRegen 0.10/turn               (no ring)

@: no status effects
A: horns 2, retaliatory headbutt
a: Renounce Religion


You were on level 5 of the Dungeon.
You worshipped Okawaru.
Okawaru was noncommittal.
You visited 2 branches of the dungeon, and saw 6 of its levels.

You collected 219 gold pieces.

Inventory:

Hand Weapons
 a - a +0 long sword (weapon)
Missiles
 w - 20 poisoned darts (quivered)
Armour
 b - a +0 scale mail (worn)
 c - a +0 buckler (worn)
 p - a +0 kite shield
 v - a +0 pair of boots (worn)
Jewellery
 i - a ring of resist corrosion (left hand)
 l - an amulet of guardian spirit (around neck)
 q - a ring of fire
Scrolls
 f - 5 scrolls of identify
 g - 3 scrolls of teleportation {unknown}
 k - a scroll of fog {unknown}
 m - 2 scrolls of enchant weapon {unknown}
 r - a scroll of enchant armour {unknown}
 t - a scroll of vulnerability {unknown}
 x - a scroll of amnesia {unknown}
 y - a scroll of fear {unknown}
Potions
 d - a potion of might
 e - a potion of haste {unknown}
 h - a potion of degeneration {unknown}
 j - 2 potions of mutation
 n - 7 potions of heal wounds {unknown}
 o - 2 potions of curing {unknown}
 s - a potion of magic {unknown}
 u - 2 potions of cancellation {unknown}
 z - 2 potions of berserk rage {unknown}


   Skills:
 - Level 3.6 Fighting
 * Level 11.0 Long Blades
 - Level 3.6 Armour
 - Level 4.0 Shields


You had 6 spell levels left.
You didn't know any spells.
Your spell library contained the following spells:

 Spells                   Type           Power      Damage    Failure   Level
 Slow                     Hex            0%         N/A       80%         1
 Confusing Touch          Hex            0%         N/A       99%         3
 Conjure Flame            Conj/Fire      0%         6-21      99%         3
 Gell's Gravitas          Tloc           0%         N/A       99%         3
 Ignite Poison            Fire/Tmut/Pois 0%         N/A       99%         3
 Lesser Beckoning         Tloc           0%         N/A       99%         3
 Teleport Other           Tloc           0%         N/A       99%         3
 Vampiric Draining        Necr           0%         2d6       99%         3
 Sticky Flame             Conj/Fire      0%         2d3       100%        4
 Dispersal                Tloc           0%         N/A       100%        6
 Summon Small Mammal      Summ           Unusable   N/A       N/A         1
 Call Canine Familiar     Summ           Unusable   N/A       N/A         3
 Summon Guardian Golem    Hex/Summ       Unusable   N/A       N/A         3

Dungeon Overview and Level Annotations

Branches:
Dungeon (5/15)             Temple (1/1) D:5

Altars:
Elyvilon
Gozag
Makhleb
Okawaru
Vehumet
Xom

Shops:
D:3 (


Innate Abilities, Weirdness & Mutations

You have a pair of horns on your head.
You reflexively headbutt those who attack you in melee.


Message History

Moving in this stuff is going to be slow.
You block the steam dragon's attack. x2
Your unstable footing causes you to fumble your attack.
The steam dragon bites you. The steam dragon claws you.
You barely miss the steam dragon. The steam dragon bites you.
You block the steam dragon's attack.
You closely miss the steam dragon. The steam dragon breathes steam at you.
The ball of steam hits you.
You hear a howl!
You slash the steam dragon!
The steam dragon is moderately wounded.
You are engulfed in a cloud of scalding steam.
The steam dragon bites you but does no damage.
The steam dragon closely misses you.
You hit the steam dragon but do no damage.
The steam dragon is moderately wounded.
You are engulfed in a cloud of scalding steam.
Your unstable footing causes you to fumble your attack.
You are engulfed in a cloud of scalding steam.
The steam dragon bites you. You block the steam dragon's attack.
Your unstable footing causes you to fumble your attack.
You are engulfed in a cloud of scalding steam.
The steam dragon bites you! The steam dragon barely misses you.
You are too injured to fight recklessly!
You are too injured to fight recklessly!
You are too injured to fight recklessly!
You are too injured to fight recklessly!
You are too injured to fight recklessly!
You are too injured to fight recklessly!
The steam dragon closely misses you. The steam dragon claws you.
You slash the steam dragon!
The steam dragon is severely wounded.
The steam dragon breathes steam at you. The ball of steam hits you!
* * * LOW HITPOINT WARNING * * *
The steam dragon barely misses you.
The steam dragon claws you but does no damage.
The steam dragon bites you.
You die...

#.#≈#.....#≈#.#####.###.
#..≈.......≈...##.....##
#..≈.......≈...##.#.###
.+..≈...>...≈....#.._..#
#...≈.?.....≈...####.#.##
#...≈.......≈...##.....#.
##.#≈#.....#≈#..####.###.
# #≈≈≈≈≈≈≈≈≈#..#..#.##..
.###..@D§###..#..#.##..
#.............##..#.##..
....##........##........
...# ##......####.###...
... #......# #.# #...
#####.## #.# #.##
#.#####.# #.# .#.......#
#.# .........# #.##


You could see a steam dragon (catching breath).

Vanquished Creatures
  An ice beast (D:5)
  A necrophage (D:4)
  A phantom (D:5)
  3 scorpions
  A water moccasin zombie (D:5)
  A water moccasin skeleton (D:4)
  A centaur zombie (D:5)
  2 hounds (D:5)
  A bullfrog skeleton (D:5)
  An iguana (D:5)
  Terence (D:2)
  7 gnolls
  7 adders
  A howler monkey skeleton (D:5)
  An ufetubus (D:5)
  An adder skeleton (D:4)
  5 worms
  3 dart slugs
  8 orcs
  9 endoplasms
  5 giant cockroaches
  7 goblins
  3 hobgoblins (D:2)
  4 jackals (D:2)
  7 kobolds
  6 quokkas
  8 ball pythons
  9 bats
  3 frilled lizards
  4 rats
112 creatures vanquished.

Notes
Turn   | Place    | Note
-------+----------+-------------------------------------------
     0 | D:1      | Crownlay the Minotaur Fighter began the quest for the Orb.
     0 | D:1      | Reached XP level 1. HP: 19/19 MP: 0/0
   119 | D:1      | Reached skill level 3 in Long Blades
   132 | D:1      | Reached XP level 2. HP: 26/26 MP: 1/1
   387 | D:1      | Reached skill level 4 in Long Blades
   439 | D:1      | Reached XP level 3. HP: 30/31 MP: 2/2
  1048 | D:2      | Reached skill level 5 in Long Blades
  1048 | D:2      | Reached XP level 4. HP: 32/39 MP: 3/3
  1447 | D:2      | Noticed Terence
  1454 | D:2      | Killed Terence
  1455 | D:2      | Reached skill level 6 in Long Blades
  1455 | D:2      | Reached XP level 5. HP: 35/45 MP: 2/4
  2232 | D:3      | Found a faded altar of an unknown god.
  2577 | D:3      | Found Rizelero's Weapon Shop.
  3071 | D:4      | Noticed a necrophage
  3078 | D:4      | Killed a necrophage
  3079 | D:4      | Reached skill level 7 in Long Blades
  3079 | D:4      | Reached XP level 6. HP: 36/51 MP: 3/5
  3354 | D:4      | Reached skill level 8 in Long Blades
  3775 | D:5      | Entered Level 5 of the Dungeon
  4010 | D:5      | Reached skill level 9 in Long Blades
  4010 | D:5      | Reached XP level 7. HP: 36/57 MP: 4/6
  4480 | D:5      | Reached skill level 10 in Long Blades
  4990 | D:5      | Found an opulent altar of Gozag.
  5084 | D:5      | Reached skill level 11 in Long Blades
  5096 | D:5      | Found a staircase to the Ecumenical Temple.
  5111 | Temple   | Entered the Ecumenical Temple
  5133 | Temple   | Became a worshipper of Warmaster Okawaru
  5156 | D:5      | Noticed a steam dragon
  5170 | D:5      | Slain by a steam dragon

Illustrated notes

Levels and vault maps discovered:
D:1:      minmay_arrival_split_and_join, layout_loops_ring
D:2:      layout_rooms, due_unseen_surprise, uniq_terence
D:3:      layout_loops_corners, nicolae_ecumenical_lake_church, serial_shops,
          nicolae_shop_trees
D:4:      layout_rooms
D:5:      minmay_evil_eye, layout_basic,
          nicolae_gozag_cash_rules_everything_around_me,
          minmay_temple_entry_water_ring, st_stairs_10
Temple:   regret_index_temple_waves

Skill      XL: |  1  2  3  4  5  6  7 |
---------------+----------------------+-----
Long Blades    | 3 4 5 6 7 9 11 | 11.0
Shields        | 4 |  4.0
Fighting       | |  3.6
Armour         | |  3.6

Action                   |  1- 3 |  4- 6 |  7- 9 || total
-------------------------+-------+-------+-------++-------
Melee: Long sword        |    85 |   146 |    71 ||   302
       Headbutt          |    10 |    22 |     9 ||    41
  Use: Scroll            |       |     1 |       ||     1
Armor: Scale mail        |    31 |    42 |    32 ||   105
Dodge: Dodged            |    33 |    38 |    29 ||   100
Block: Buckler           |    17 |    30 |    14 ||    61

Table legend: (Time is in decaauts)
 A = Elapsed time spent in this place.
 B = Non-inter-level travel time spent in this place.
 C = Inter-level travel time spent in this place.
 D = Time resting spent in this place.
 E = Time spent auto-exploring this place.
 F = Levels seen in this place.
 G = Mean time per level.
                   A        B        C        D        E       F      G
               +--------+--------+--------+--------+--------+-----+--------+
         Total |   5192 |   4958 |    234 |      0 |   4279 |   6 |  865.3 |
       Dungeon |   5147 |   4935 |    212 |      0 |   4266 |   5 | 1029.4 |
        Temple |     45 |     24 |     21 |      0 |     13 |   1 |   45.0 |
               +--------+--------+--------+--------+--------+-----+--------+

Top non-repeatable levels by time:
     D:5: 1344 daAuts
     D:3: 1219 daAuts
     D:2: 1054 daAuts
     D:1: 814 daAuts
     D:4: 715 daAuts
  Temple: 45 daAuts
